 Dungeon Crawl Stone Soup version 0.21-a0-142-gdd972a7 (webtiles) character file.

9746 HAL9000 the Grappler (level 11, -3/86 HPs)
             Began as a White Draconian Transmuter on July 23, 2017.
             Was a Priest of Kikubaaqudgha.
             Slain by an orc warrior
             ... wielding a +0 scimitar
             ... led by an orc knight
              (17 damage)
             ... on level 11 of the Dungeon.
             The game lasted 00:42:13 (15656 turns).

HAL9000 the Grappler (White Draconian Transmuter)  Turns: 15656, Time: 00:42:14

Health: -3/86      AC:  7    Str: 17 (18) XL:     11   Next: 27%
Magic:  14/18      EV: 12    Int: 17      God:    Kikubaaqudgha [***...]
Gold:   579        SH:  3    Dex: 12      Spells: 0/20 levels left

rFire    . . .     SeeInvis .     - Unarmed
rCold    + . .     Gourm    .   (shield currently unavailable)
rNeg     . . .     Faith    .   (armour unavailable)
rPois    .         Spirit   .   (helmet restricted)
rElec    .         Reflect  +   (no cloak)
rCorr    .         Harm     .   (gloves currently unavailable)
MR       +....                  (no boots)
Stlth    ++........             B - amulet of Xuzoojiv {Reflect Str+3 SH+3 Stlth+}
HPRegen  0.24/turn              T - ring of protection from magic
MPRegen  0.16/turn              S - +3 ring of intelligence

@: blade hands
A: breathe frost, unfitting armour, antennae 1, blink, cold resistance 1,
deterioration 1, cold-blooded, AC +7
a: Breathe Frost, End Transformation, Blink, Receive Corpses, Renounce Religion


You were on level 11 of the Dungeon.
You worshipped Kikubaaqudgha.
Kikubaaqudgha was most pleased with you.
You were hungry.
You had blades for hands.
You visited 2 branches of the dungeon, and saw 12 of its levels.

You collected 733 gold pieces.
You spent 154 gold pieces at shops.

Inventory:

Missiles
 a - 167 arrows
 w - a throwing net (quivered)
 R - 15 javelins
Jewellery
 n - an uncursed amulet of regeneration
 B - the amulet of Xuzoojiv (around neck) {Reflect Str+3 SH+3 Stlth+}
   (You found it on level 4 of the Dungeon)

   [amulet of reflection]

   It shields you and reflects attacks.
   It affects your strength (+3).
   It affects your SH (+3).
   It makes you more stealthy.
 F - an uncursed ring of see invisible
 L - an uncursed amulet of rage
 M - an uncursed ring of flight
 S - a +3 ring of intelligence (right scythe-like blade)
 T - a ring of protection from magic (left scythe-like blade)
 V - an uncursed ring of protection from fire
Wands
 s - a wand of polymorph (6/24)
 y - a wand of enslavement (11/24)
 C - a wand of random effects (22/48)
 J - a wand of polymorph (14/24)
 Q - a wand of random effects (25/48)
 Z - a wand of scattershot (4/9)
Scrolls
 e - 4 scrolls of enchant armour {unknown}
 f - 4 scrolls of remove curse {unknown}
 h - 7 scrolls of teleportation {unknown}
 m - a scroll of silence {unknown}
 o - 4 scrolls of magic mapping {unknown}
 p - 2 scrolls of fear {unknown}
 r - a scroll of fog {unknown}
 D - a scroll of noise {unknown}
 I - 4 scrolls of enchant weapon
 N - a scroll of vulnerability {unknown}
 O - a scroll of amnesia {unknown}
 P - 5 scrolls of identify
 X - a scroll of recharging {unknown}
 Y - 2 scrolls of blinking {unknown}
Potions
 k - a potion of haste
 l - a potion of resistance
 t - a potion of invisibility
 v - 10 potions of curing
 x - 2 potions of flight
 E - a potion of lignification
 G - a potion of ambrosia
 H - 2 potions of heal wounds
 K - a potion of might
 W - a potion of brilliance
Books
 z - a book of Changes

   Spells                             Type                      Level
   a - Beastly Appendage              Transmutation                1
   b - Sticks to Snakes               Transmutation                2
   c - Spider Form                    Transmutation/Poison         3
   d - Ice Form                       Ice/Transmutation            4
   e - Blade Hands                    Transmutation                5
 A - Kikubaaqudgha's Grimoire of Evil {god gift}
   (Kikubaaqudgha gifted it to you on level 8 of the Dungeon)

   Spells                             Type                      Level
   a - Animate Dead                   Necromancy                   4
   b - Excruciating Wounds            Charms/Necromancy            5
   c - Bolt of Draining               Conjuration/Necromancy       5
   d - Dispel Undead                  Necromancy                   5
   e - Simulacrum                     Ice/Necromancy               6
 U - Kikubaaqudgha's Collected Works on Dark Magic {god gift}
   (Kikubaaqudgha gifted it to you on level 6 of the Dungeon)

   Spells                             Type                      Level
   a - Pain                           Necromancy                   1
   b - Corpse Rot                     Necromancy                   2
   c - Sublimation of Blood           Necromancy                   2
   d - Regeneration                   Charms/Necromancy            3
   e - Control Undead                 Necromancy                   4
Comestibles
 c - 13 bread rations
 d - 8 meat rations
 q - a royal jelly


   Skills:
 - Level 5.1 Fighting
 - Level 1.7 Dodging
 - Level 11.1 Unarmed Combat
 - Level 5.1 Spellcasting
 + Level 5.3 Charms
 + Level 3.6 Necromancy
 - Level 10.2 Transmutations


You couldn't memorise any spells.
You knew the following spells:

 Your Spells              Type           Power        Failure   Level  Hunger
a - Beastly Appendage     Tmut           #####.       9%          1    None
b - Sticks to Snakes      Tmut           #####...     10%         2    #......
c - Spider Form           Tmut/Pois      ###.......   32%         3    ###....
d - Blade Hands           Tmut           #####.....   36%         5    ######.
e - Animate Dead          Necr           N/A          75%         4    ####...
f - Sublimation of Blood  Necr           ###.......   32%         2    #......
R - Regeneration          Chrm/Necr      ###.......   38%         3    ###....


Dungeon Overview and Level Annotations

Branches:
Dungeon (11/15)            Temple (1/1) D:4
   Lair: D:8-11         Orc: D:9-12

Altars:
Ashenzari
Cheibriados
Dithmenos
Elyvilon
Fedhas
Gozag
Hepliaklqana
Kikubaaqudgha
Makhleb
Nemelex Xobeh
Okawaru
Qazlal
Ru
Sif Muna
Trog
Uskayaw
Vehumet
Wu Jian
Xom
Yredelemnul
Zin
The Shining One

Shops:
D:5 }   D:7 !


Innate Abilities, Weirdness & Mutations

You can breathe waves of freezing cold.
You can buffet flying creatures when you breathe cold.
Your icy white scales are hard. (AC +7)
You cannot fit into any form of body armour.
Your flesh is cold resistant. (rC+)
You are cold-blooded and may be slowed by cold attacks.
You have a pair of small antennae on your head.
You can translocate small distances at will.
Your body sometimes deteriorates upon taking damage.


Message History

An adder comes into view.
You see here a tomahawk.
The adder moves out of view.
You have got your breath back.
You block the orc warrior's attack.
The adder hisses angrily.
The adder bites you but does no damage.
You slash the orc warrior!
You tail-slap the orc warrior, but do no damage.
The orc warrior is moderately wounded.
The orc warrior hits you with a scimitar!!
* * * LOW HITPOINT WARNING * * *
Your body deteriorates!
You feel weakened.
You slash the orc warrior!
You tail-slap the orc warrior, but do no damage.
The orc warrior is almost dead.
The adder bites you but does no damage.
The orc warrior hits you with a scimitar!
You die...
Kikubaaqudgha rasps: "You have failed me!
Welcome... death!"

######### #####
#....<...
...######.#######
#####.#............#
##.......(.....###).. .
........(####.......#
...####..(....#..####.#
.....##..####.#..# #.##
......o@.# #.#()####.##
.....#S..# #..(........
...# #...# ###..#....##
.. #...# #.(#.##.##
#...# #..#.##.#. ....#
#.......)# ##....
........##.#. ##.##
####...###... ##.. #...


You could see an orc warrior and an adder.

Vanquished Creatures
  3 two-headed ogres
  Sonja (D:10)
  An orc knight (D:11)
  An ugly thing (D:9)
  A hornet (D:9)
  Grinder (D:4)
  4 yaks (D:9)
  A steam dragon (D:8)
  A hungry ghost (D:9)
  Edmund (D:5)
  A warg (D:11)
  Duvessa (D:4)
  4 orc warriors
  2 black bears
  4 phantoms
  3 ice beasts
  A necrophage (D:8)
  7 ogres
  4 centaurs
  5 bullfrogs
  2 wyvern zombies
  Dowan (D:4)
  2 scorpions
  8 killer bees
  3 howler monkeys
  5 crimson imps
  A quasit (D:5)
  3 centaur zombies
  2 centaur skeletons
  3 hounds
  A bullfrog skeleton (D:11)
  5 orc priests
  A jelly (D:5)
  13 orc wizards
  Ijyb (D:3)
  Terence (D:3)
  Natasha (thrice) (D:2)
  4 iguanas
  11 worker ants
  Robin (D:2)
  A hound skeleton (D:10)
  2 worker ant zombies
  11 adders
  2 shadow imps (D:7)
  3 oozes
  2 adder zombies (D:5)
  2 worms
  5 dart slugs (D:1)
  4 leopard geckos
  32 orcs
  2 giant cockroaches (D:2)
  12 goblins
  7 hobgoblins
  2 jackals (D:8)
  6 kobolds
  5 quokkas
  11 bats
  6 frilled lizards
  2 gnoll zombies (D:2)
  A jackal skeleton (D:5)
  2 quokka skeletons
  8 rats
246 creatures vanquished.

Vanquished Creatures (collateral kills)
  A killer bee (D:8)
  An adder (D:4)
  An orc (D:11)
  A goblin (D:2)
  A hobgoblin (D:2)
  A butterfly (D:4)
6 creatures vanquished.

Vanquished Creatures (others)
  A quokka (D:10)
1 creature vanquished.

Grand Total: 253 creatures vanquished

Notes
Turn   | Place    | Note
-------+----------+-------------------------------------------
     0 | D:1      | HAL9000 the Draconian Transmuter began the quest for the Orb.
     0 | D:1      | Reached XP level 1. HP: 16/16 MP: 3/3
   495 | D:1      | Reached XP level 2. HP: 12/23 MP: 5/5
  1285 | D:1      | Reached XP level 3. HP: 28/28 MP: 6/6
  2090 | D:2      | Noticed Natasha
  2121 | D:2      | Gained mutation: Your body sometimes deteriorates upon taking damage. [potion of mutation]
  2121 | D:2      | Gained mutation: You have a pair of small antennae on your head. [potion of mutation]
  2121 | D:2      | Gained mutation: You can translocate small distances at will. [potion of mutation]
  2132 | D:2      | Killed Natasha
  2132 | D:2      | Reached skill level 4 in Unarmed Combat
  2132 | D:2      | Reached XP level 4. HP: 7/35 MP: 7/7
  2190 | D:2      | Learned a level 2 spell: Sticks to Snakes
  2194 | D:2      | Learned a level 3 spell: Spider Form
  2272 | D:2      | Found a stormy altar of Qazlal.
  2311 | D:2      | Noticed Robin
  2757 | D:2      | Killed Robin
  2792 | D:2      | Found a basalt altar of Yredelemnul.
  2837 | D:2      | Noticed Natasha
  2844 | D:2      | Killed Natasha
  2844 | D:2      | Reached XP level 5. HP: 40/40 MP: 4/8
  2870 | D:2      | Noticed Natasha
  2884 | D:2      | Killed Natasha
  3133 | D:3      | Noticed Terence
  3156 | D:3      | Killed Terence
  3499 | D:3      | Noticed Ijyb
  3516 | D:3      | Killed Ijyb
  3516 | D:3      | Reached skill level 5 in Unarmed Combat
  3568 | D:3      | Found a stormy altar of Qazlal.
  3939 | D:3      | Reached XP level 6. HP: 47/47 MP: 9/9
  4156 | D:4      | Found a shimmering altar of Xom.
  4195 | D:4      | Got a heavily runed brass amulet
  4361 | D:4      | Identified the amulet of Xuzoojiv {Reflect Str+3 SH+3 Stlth+} (You found it on level 4 of the Dungeon)
  4398 | D:4      | Found a snail-covered altar of Cheibriados.
  4523 | D:4      | Reached skill level 5 in Transmutations
  5019 | D:4      | Noticed Duvessa
  5024 | D:4      | Noticed Dowan
  5035 | D:4      | Killed Duvessa
  5035 | D:4      | Reached skill level 6 in Unarmed Combat
  5035 | D:4      | Your scales start taking on an icy white colour.
  5035 | D:4      | Reached XP level 7. HP: 31/52 MP: 7/10
  5035 | D:4      | Gained mutation: Your flesh is cold resistant. (rC+) [White Draconian growth]
  5041 | D:4      | Killed Dowan
  5253 | D:4      | Noticed Grinder
  5266 | D:4      | Killed Grinder
  5456 | D:4      | Reached skill level 7 in Unarmed Combat
  5671 | D:4      | Found a staircase to the Ecumenical Temple.
  5692 | Temple   | Entered the Ecumenical Temple
  5842 | Temple   | Became a worshipper of Kikubaaqudgha
  5875 | D:4      | Reached XP level 8. HP: 58/59 MP: 11/11
  6057 | D:5      | Entered Level 5 of the Dungeon
  6058 | D:5      | Noticed Edmund
  6076 | D:5      | Killed Edmund
  6526 | D:5      | Reached skill level 8 in Unarmed Combat
  7014 | D:5      | Found Juvich's Gadget Shop.
  7502 | D:6      | Learned a level 5 spell: Blade Hands
  7624 | D:6      | Reached XP level 9. HP: 40/64 MP: 8/12
  7718 | D:6      | Reached skill level 9 in Unarmed Combat
  7751 | D:6      | Reached * piety under Kikubaaqudgha
  7751 | D:6      | Identified Kikubaaqudgha's Collected Works on Dark Magic {god gift} (Kikubaaqudgha gifted it to you on level 6 of the Dungeon)
  7751 | D:6      | Received a gift from Kikubaaqudgha
  8235 | D:7      | Found Vokkug's Distillery.
  8501 | D:7      | Bought 3 potions of curing for 99 gold pieces
  8501 | D:7      | Bought a potion of heal wounds for 55 gold pieces
  9930 | D:8      | Reached ** piety under Kikubaaqudgha
  9988 | D:8      | HP: 3/72 [poisoned by a killer bee]
  9996 | D:8      | HP: 3/72 [poisoned by a killer bee]
 10326 | D:8      | Found an ornate altar of the Wu Jian Council.
 10374 | D:8      | Reached skill level 5 in Fighting
 10703 | D:8      | Found a glowing silver altar of Zin.
 11020 | D:8      | Reached skill level 10 in Unarmed Combat
 11075 | D:8      | Noticed a two-headed ogre
 11343 | D:8      | Killed a two-headed ogre
 11343 | D:8      | Reached skill level 10 in Transmutations
 11343 | D:8      | Reached XP level 10. HP: 23/81 MP: 10/14
 11618 | D:8      | Noticed a two-headed ogre
 11634 | D:7      | Learned a level 3 spell: Regeneration
 11699 | D:8      | Killed a two-headed ogre
 11699 | D:8      | Reached skill level 1 in Charms
 12527 | D:9      | Noticed a two-headed ogre
 12555 | D:8      | Noticed a two-headed ogre
 12597 | D:8      | Reached *** piety under Kikubaaqudgha
 12597 | D:8      | Identified Kikubaaqudgha's Grimoire of Evil {god gift} (Kikubaaqudgha gifted it to you on level 8 of the Dungeon)
 12597 | D:8      | Received a gift from Kikubaaqudgha
 13051 | D:9      | Killed a two-headed ogre
 13051 | D:9      | Reached skill level 11 in Unarmed Combat
 13173 | D:9      | Noticed a green ugly thing
 13179 | D:9      | Killed a green ugly thing
 13179 | D:9      | Reached skill level 5 in Spellcasting
 13422 | D:9      | Learned a level 4 spell: Animate Dead
 13633 | D:9      | Reached XP level 11. HP: 79/86 MP: 18/18
 13747 | D:10     | Entered Level 10 of the Dungeon
 14024 | D:10     | Found a white marble altar of Elyvilon.
 14230 | D:10     | Reached skill level 1 in Necromancy
 14678 | D:10     | Got a smoking dagger {pain}
 14825 | D:10     | Noticed Sonja
 14852 | D:10     | Learned a level 2 spell: Sublimation of Blood
 14864 | D:10     | Killed Sonja
 15317 | D:11     | Reached skill level 5 in Charms
 15394 | D:11     | Noticed an orc knight
 15649 | D:11     | Killed an orc knight
 15656 | D:11     | Slain by an orc warrior

Vault maps used:
D:1:      dpeg_arrival_arbitrary_c
D:2:      lemuel_zombie_altar_yredelemnul, minmay_liquid_box,
          minmay_tree_intersection, grunt_qazlal_sundering, uniq_natasha,
          uniq_robin
D:3:      lemuel_round_altar, feat_on_display, uniq_terence, uniq_ijyb
D:4:      cheibriados_altar_1, xom_butterflies, temple_green, uniq_grinder,
          uniq_duvessa
D:5:      first_bread, serial_shops, kennysheep_mini_moat, kennysheep_boxes,
          uniq_edmund
D:7:      serial_shops, nicolae_shop_waterfront, grunt_ogre_cave
D:8:      zin_statuary, lemuel_doored_altar, minivault_1
D:10:     elyvilon_altar_4, uniq_sonja
D:11:     dpeg_oklobed_lair, enter_trove_3
Temple:   regret_index_temple_sphere_string

Skill      XL: |  1  2  3  4  5  6  7  8  9 10 11 |
---------------+----------------------------------+-----
Transmutations | 3 4 5 6 8 10 | 10.2
Unarmed Combat | 4 5 6 7 8 10 11 | 11.1
Fighting       | 5 |  5.1
Spellcasting   | 3 5 |  5.1
Charms         | 4 5 |  5.3
Necromancy     | 3 |  3.6
Dodging        | |  1.7

Action                   |  1- 3 |  4- 6 |  7- 9 | 10-12 || total
-------------------------+-------+-------+-------+-------++-------
Melee: Unarmed           |   127 |   263 |   371 |   203 ||   964
       Tailslap          |     7 |    21 |    30 |    19 ||    77
       Kick              |     3 |     7 |     1 |       ||    11
       Headbutt          |     4 |       |       |       ||     4
       Punch             |     1 |     4 |    10 |     7 ||    22
Throw: Throwing net      |       |       |       |     2 ||     2
 Cast: Beastly Appendage |     9 |    10 |     1 |       ||    20
       Spider Form       |       |    10 |    29 |     6 ||    45
       Sticks to Snakes  |       |     5 |     9 |    13 ||    27
       Blade Hands       |       |       |       |    13 ||    13
       Animate Dead      |       |       |       |     1 ||     1
       Regeneration      |       |       |       |     1 ||     1
 Abil: End Transformatio |       |     3 |    18 |    14 ||    35
       Breathe Frost     |       |       |     7 |     7 ||    14
Evoke: Wand              |       |     1 |       |     1 ||     2
  Use: Potion            |     3 |       |       |       ||     3
       Scroll            |       |       |     6 |     4 ||    10
 Stab: Sleeping          |     2 |     1 |     6 |     2 ||    11
  Eat: Chunk             |     4 |    12 |    17 |    18 ||    51
       Fruit             |       |       |     3 |     2 ||     5
       Meat ration       |       |       |     1 |       ||     1
       Royal jelly       |       |       |       |     1 ||     1
Armor: Skin              |    29 |    57 |    50 |    42 ||   178
Dodge: Dodged            |    80 |   165 |   208 |    95 ||   548
Block: Other             |       |     5 |    42 |    18 ||    65
       Reflection        |       |       |       |     1 ||     1
